 Dungeon Crawl Stone Soup version 0.23.2-30-g0e89c35649 (webtiles) character file.

Game seed: 14896857693737336849

56 craydon the Shield-Bearer (level 4, -1/37 HPs)
             Began as a Formicid Fighter on June 8, 2019.
             Slain by Jessica (3 damage)
             ... on level 2 of the Dungeon.
             The game lasted 00:11:14 (1132 turns).

craydon the Shield-Bearer (Formicid Fighter)        Turns: 1132, Time: 00:11:14

Health: -1/37      AC:  7    Str: 27    XL:     4   Next: 15%
Magic:  4/4        EV:  9    Int:  7    God:
Gold:   21         SH: 10    Dex: 10    Spells: 3/3 levels left

rFire    . . .     SeeInvis +   a - +0 war axe
rCold    . . .     Gourm    .   c - +0 shield
rNeg     . . .     Faith    .   b - +0 scale mail
rPois    .         Spirit   .   (helmet unavailable)
rElec    .         Reflect  .   (no cloak)
rCorr    .         Harm     .   (no gloves)
MR       .....                  (no boots)
Stlth    ..........             (no amulet)
HPRegen  0.12/turn              (no ring)
MPRegen  0.09/turn              (no ring)

@: mighty
A: permanent stasis, dig shafts and tunnels, four strong arms, antennae 3
a: Dig, Shaft Self


You were on level 2 of the Dungeon.
You were not hungry.

You visited 1 branch of the dungeon, and saw 2 of its levels.

You collected 21 gold pieces.

Inventory:

Hand Weapons
 a - a +0 war axe (weapon)
 r - a +0 spear
 s - a +0 hunting sling
Missiles
 e - 54 stones (quivered)
Armour
 b - a +0 scale mail (worn)
 c - a +0 shield (worn)
 t - a +0 ring mail
Jewellery
 m - an uncursed amulet of rage {unknown}
Scrolls
 l - 3 scrolls of teleportation {unknown}
 n - 2 scrolls of identify {unknown}
 o - a scroll of amnesia {unknown}
 p - a scroll of remove curse {unknown}
 q - a scroll of immolation {unknown}
Potions
 g - a potion of lignification {unknown}
 h - a potion of heal wounds {unknown}
 i - a potion of flight {unknown}
 j - a potion of invisibility {unknown}
 k - 2 potions of haste {unknown}
Comestibles
 f - 3 rations


   Skills:
 + Level 3.6 Fighting
 + Level 2.5 Axes
 + Level 3.7 Armour
 + Level 1.4 Dodging
 + Level 4.0 Shields


You had 3 spell levels left.
You didn't know any spells.
Your spell library was empty.

Dungeon Overview and Level Annotations

Branches:
Dungeon (2/15)

Altars:

Annotations:
D:2 Jessica


Innate Abilities, Weirdness & Mutations

You cannot be hasted, slowed, berserked, paralysed or teleported.
You can dig through walls and to a lower floor.
Your four strong arms can wield two-handed weapons with a shield.
You have a pair of large antennae on your head. (SInv)


Message History

Jessica gestures at you while chanting.
You barely resist. Jessica closely misses you.
You barely miss Jessica.
Jessica is severely wounded.
Jessica closely misses you. Jessica barely misses you.
You hit Jessica.
Jessica is severely wounded.
Jessica gestures at you while chanting. Pain shoots through your body!
* * * LOW HITPOINT WARNING * * *
You block Jessica's attack.
You closely miss Jessica.
Jessica is severely wounded.
Jessica closely misses you. You block Jessica's attack.
Your scale mail prevents you from hitting Jessica.
Jessica is severely wounded.
Jessica hits you but does no damage. x2
You feel very mighty all of a sudden. Jessica hits you.
You die...

#.........#.#...).#
#.........#.#####.#
#.........#.#.....#
#.........#.#.#####
#.........#.#.#<##
#.......)÷#.#....#
##..........#.####
#..@.#.#######
.######@#...# #
......#†###....
.s.@!.$......>.
#.....####.....
##.### #..).. # ...
.. { .


You could see Jessica.

Vanquished Creatures
  Terence (D:2)
  A dart slug (D:2)
  A leopard gecko (D:2)
  A ball python (D:1)
  2 giant cockroaches
  4 goblins
  3 hobgoblins (D:1)
  3 bats
  A frilled lizard (D:1)
  6 kobolds
  4 rats
27 creatures vanquished.

Notes
Turn   | Place    | Note
-------+----------+-------------------------------------------
     0 | D:1      | craydon the Formicid Fighter began the quest for the Orb.
     0 | D:1      | Reached XP level 1. HP: 18/18 MP: 1/1
   251 | D:1      | Reached XP level 2. HP: 24/24 MP: 2/2
  1014 | D:2      | Noticed Terence
  1021 | D:2      | Killed Terence
  1021 | D:2      | Reached skill level 1 in Dodging
  1021 | D:2      | Reached XP level 3. HP: 23/29 MP: 3/3
  1064 | D:2      | Reached XP level 4. HP: 34/36 MP: 4/4
  1095 | D:2      | Noticed Jessica
  1120 | D:2      | Reached skill level 4 in Shields
  1129 | D:2      | HP: 1/37 [Jessica/nerve-wracking pain (13)]
  1132 | D:2      | Slain by Jessica

Skill      XL: |  1  2  3  4 |
---------------+-------------+-----
Dodging        | 1 |  1.4
Shields        | 4 |  4.0
Fighting       | |  3.6
Axes           | |  2.5
Armour         | |  3.7

Action                   |  1- 3 |  4- 6 || total
-------------------------+-------+-------++-------
Melee: War axe           |    94 |    34 ||   128
  Use: Potion            |       |     1 ||     1
  Eat: Chunk             |       |     1 ||     1
Armor: Scale mail        |    22 |    11 ||    33
Dodge: Dodged            |    27 |    16 ||    43
Block: Shield            |    62 |    25 ||    87
